 Dungeon Crawl Stone Soup version 0.26-a0-1086-g9010512d90 (webtiles) character file.

Game seed: 8482137575244107506

21659 jiml777 the Thaumaturge (level 12, 0/53 (62) HPs)
             Began as a Deep Elf Air Elementalist on Dec 11, 2020.
             Was a Priest of Sif Muna.
             Slain by a hell rat (5 damage)
             ... on level 4 of the Lair of Beasts on Dec 15, 2020.
             The game lasted 02:05:29 (19497 turns).

jiml777 the Thaumaturge (DEAE)                     Turns: 19497, Time: 02:05:29

HP:   0/53 (62)     AC: 19    Str:  3    XL:     12   Next: 56%
MP:   3/30          EV: 14    Int: 26    God:    Sif Muna [***...]
Gold: 545           SH:  7    Dex: 15    Spells: 20/36 levels left

rFire    + + +     SeeInvis .   J - +9 lance "Wyrmbane" {slay drac, rPois rF+ rC+ AC+3}
rCold    + + +     Faith    +   x - +2 buckler of the Moon {rF++ Regen+}
rNeg     . . .     Spirit   .   d - +2 robe {rC+}
rPois    +         Reflect  .   q - +2 helmet
rElec    .         Harm     .   i - scarf {rC+ rF+}
rCorr    +         Rampage  .   j - +2 pair of gloves
Will     ++...                  g - +2 pair of boots
Stlth    +++.......             C - amulet of faith
HPRegen  0.57/turn              a - ring of willpower
MPRegen  0.22/turn              A - ring of resist corrosion

@: heavily drained
A: iridescent scales 1, weak 1, MP-powered wands
a: Channel Magic, Forget Spell, Renounce Religion


You were on level 4 of the Lair of Beasts.
You worshipped Sif Muna.
Sif Muna was most pleased with you.
You visited 3 branches of the dungeon, and saw 17 of its levels.

You collected 923 gold pieces.
You spent 378 gold pieces at shops.

Inventory:

Hand Weapons
 e - a +0 dagger
 l - a +5 vampiric flail
 J - the +9 lance "Wyrmbane" (weapon) {slay drac, rPois rF+ rC+ AC+3}
   (You took it off Maggie on level 9 of the Dungeon)

   It affects your AC (+3).
   It protects you from fire.
   It protects you from cold.
   It protects you from poison.
Missiles
 f - 362 arrows
 h - 70 poisoned darts
 H - 3 boomerangs of dispersal
Armour
 d - a +2 robe of cold resistance (worn)
 g - a +2 pair of boots (worn)
 i - a scarf of resistance (worn)
 j - a +2 pair of gloves (worn)
 q - a +2 helmet (worn)
 x - the +2 buckler of the Moon (worn) {rF++ Regen+}
   (You found it on level 5 of the Dungeon)

   It greatly protects you from fire.
   It increases your rate of regeneration.
 K - +0 swamp dragon scales
Magical Staves
 M - an uncursed staff of conjuration
Jewellery
 a - a ring of willpower (left hand)
 c - a +6 ring of strength
 r - an uncursed ring of see invisible
 v - an uncursed ring of flight
 z - an uncursed amulet of guardian spirit
 A - a ring of resist corrosion (right hand)
 B - an uncursed ring of positive energy
 C - an amulet of faith (around neck)
 D - an uncursed amulet of reflection
 G - an uncursed amulet of regeneration
Wands
 o - a wand of polymorph (6)
 u - a wand of iceblast (6)
 E - a wand of paralysis (15)
 F - a wand of acid (20)
 I - a wand of flame (13)
Scrolls
 b - a scroll of enchant armour
 n - a scroll of fear
 p - 6 scrolls of amnesia
 s - 5 scrolls of remove curse
 y - 2 scrolls of teleportation
 N - a scroll of identify
 P - a scroll of summoning
Potions
 k - 3 potions of resistance
 m - 2 potions of curing
 t - a potion of might
 w - 3 potions of flight
 L - a potion of brilliance
 O - 5 potions of ambrosia


   Skills:
 * Level 2.1 Fighting
 - Level 0.1 Maces & Flails
 * Level 1.9 Polearms
 - Level 5.4 Armour
 - Level 3.5 Dodging
 - Level 3.9 Stealth
 - Level 4.0 Shields
 + Level 12.9 Spellcasting
 * Level 7.8 Conjurations
 * Level 7.0 Translocations
 + Level 10.4 Air Magic
 * Level 5.5 Invocations
 * Level 6.7 Evocations


You had 20 spell levels left.
You knew the following spells:

 Your Spells              Type           Power        Failure   Level
a - Shock                 Conj/Air       ####         1%          1
b - Swiftness             Air            ######..     1%          2
c - Static Discharge      Conj/Air       ######..     1%          3
d - Airstrike             Air            ######....   1%          4
e - Lightning Bolt        Conj/Air       ######....   2%          5
f - Apportation           Tloc           ######       1%          1

Your spell library contained the following spells:

 Spells                   Type           Power        Failure   Level
 Animate Skeleton         Necr           ###...       3%          1
 Corona                   Hex            ###....      3%          1
 Pain                     Necr           ###.         3%          1
 Summon Small Mammal      Summ           ###.         3%          1
 Vampiric Draining        Necr           ###.......   11%         3
 Animate Dead             Necr           ###.......   34%         4
 Agony                    Necr           ###.....     67%         5


Dungeon Overview and Level Annotations

Branches:
Dungeon (13/15)            Temple (1/1) D:7            Lair (2/6) D:10
  Swamp: Lair:2-4    Shoals: Lair:2-4     Snake: Lair:2-4    Spider: Lair:2-4
    Orc: D:9-12      Vaults: D:13-14

Altars:
Ashenzari
Cheibriados
Dithmenos
Elyvilon
Fedhas
Gozag
Hepliaklqana
Kikubaaqudgha
Makhleb
Nemelex Xobeh
Okawaru
Qazlal
Ru
Sif Muna
Trog
Uskayaw
Vehumet
Wu Jian
Xom
Yredelemnul
Zin
The Shining One

Shops:
D:4 =   D:6 }}!*   D:7 (   D:10 [[(=


Innate Abilities, Weirdness & Mutations

You are partially covered in iridescent scales. (AC +2)
You are weak. (Str -2)
You expend magic power (3 MP) to strengthen your wands.


Message History

* * * LOW HITPOINT WARNING * * *
A hell rat comes into view.
You feel better. You block the hell rat's attack. x2
You feel better. The hell rat bites you!
* * * LOW HITPOINT WARNING * * *
You feel drained.
* * * LOW HITPOINT WARNING * * *
You feel better. The hell rat closely misses you.
You feel better. The hell rat bites you. The hell rat completely misses you.
Casting: Lightning Bolt (dangerous; 2% risk of failure)
Confirm with . or Enter, or press ? or * to list all spells.
Aiming: Airstrike (dangerous; 1% risk of failure)
Press: ? - help, Dir - move target, f - hell rat
Aim: a hell rat The air twists around and strikes the hell rat!
The hell rat is almost dead.
The hell rat bites you!
* * * LOW HITPOINT WARNING * * *
You feel drained.
You die...

... ... .. #.† #..
#####.#
....###+##....##..
#...+...#......#..
#P......'......#.##
##..+..r##+†.###..
..##
##†@.#.###...###..##
#.#r#....#....# ...P
#...##...#...####.<.
#.....#...##.#.##....
##.$.##...†.†.###....
#...##...##.........
######.#.##.........
####.#.#.......
...........


You could see 2 hell rats.

Vanquished Creatures
  Harold (D:8)
  3 hydras (Lair:1)
  4 two-headed ogres
  A death yak (Lair:4)
  An unseen horror (D:13)
  Pikel (D:5)
  An ugly thing (D:11)
  3 black mambas (Lair:1)
  2 cane toads (Lair:1)
  3 gargoyles (D:10)
  3 komodo dragons (Lair:1)
  Maggie (D:9)
  2 polar bears
  A troll (D:11)
  A queen bee (Lair:1)
  6 meliai (D:13)
  3 blink frogs (Lair:1)
  2 wyverns
  10 yaks
  A basilisk (Lair:1)
  A steam dragon (D:7)
  2 water moccasins
  2 orc warriors
  3 ice beasts
  A sky beast (D:9)
  4 ogres
  2 phantoms
  A black bear (Lair:1)
  12 centaurs
  2 big kobolds (D:7)
  5 bullfrogs
  A wyvern skeleton (D:10)
  3 scorpions
  A water moccasin skeleton (D:4)
  25 killer bees
  3 wights (D:9)
  6 howler monkeys
  2 bullfrog zombies
  2 hounds
  5 orc priests
  2 centaur skeletons
  2 gnoll shamans
  4 orc wizards
  A jelly (D:3)
  3 bullfrog skeletons
  3 iguanas
  7 worker ants
  Ijyb (D:5)
  A killer bee zombie (D:10)
  A hound skeleton (D:5)
  Robin (D:4)
  2 worker ant zombies
  23 gnolls
  A howler monkey skeleton (D:4)
  10 adders
  7 river rats (Lair:4)
  2 shadow imps
  4 white imps
  An ooze (D:2)
  2 adder zombies
  2 adder skeletons
  5 worms
  2 dart slugs (D:1)
  9 leopard geckos
  28 orcs
  A ball python (D:1)
  4 giant cockroaches
  26 goblins
  13 hobgoblins
  18 jackals
  3 quokkas
  9 bats
  6 frilled lizards
  A giant cockroach zombie (D:4)
  16 kobolds
  A leopard gecko skeleton (D:9)
  A quokka skeleton (D:6)
  16 rats
  A bush (D:9)
373 creatures vanquished.

Vanquished Creatures (others)
  A fungus (Lair:1)
  5 plants
6 creatures vanquished.

Grand Total: 379 creatures vanquished

Notes
Turn   | Place    | Note
-------+----------+-------------------------------------------
     0 | D:1      | jiml777 the Deep Elf Air Elementalist began the quest for
                  | the Orb.
     0 | D:1      | Reached XP level 1. HP: 10/10 MP: 6/6
    73 | D:1      | Reached XP level 2. HP: 12/15 MP: 2/8
   745 | D:1      | Reached XP level 3. HP: 19/19 MP: 6/10
  1231 | D:2      | Upgraded the game from 0.26-a0-1040-gbe3abf3417 to
                  | 0.26-a0-1086-g9010512d90
  1263 | D:2      | Learned a level 2 spell: Swiftness
  1533 | D:2      | Reached XP level 4. HP: 24/24 MP: 9/11
  1703 | D:2      | Learned a level 3 spell: Static Discharge
  1889 | D:2      | Reached XP level 5. HP: 28/28 MP: 10/12
  2150 | D:2      | Found a faded altar of an unknown god.
  2163 | D:2      | Reached skill level 4 in Spellcasting
  2948 | D:3      | Found a broken altar of Ashenzari.
  3068 | D:3      | Found a transporter.
  3070 | D:3      | Found a transporter.
  3106 | D:3      | Reached XP level 6. HP: 8/33 MP: 1/14
  3472 | D:3      | Found a glowing silver altar of Zin.
  3479 | D:3      | Learned a level 4 spell: Airstrike
  3620 | D:3      | Reached skill level 5 in Air Magic
  4603 | D:4      | Noticed Robin
  4606 | D:4      | Killed Robin
  4607 | D:4      | Reached skill level 5 in Spellcasting
  5232 | D:4      | Reached XP level 7. HP: 37/37 MP: 8/17
  5245 | D:4      | Reached skill level 6 in Spellcasting
  5390 | D:4      | Found Cama Uhi's Jewellery Shoppe.
  5774 | D:4      | Learned a level 5 spell: Lightning Bolt
  5776 | D:4      | Learned a level 1 spell: Apportation
  6210 | D:5      | Entered Level 5 of the Dungeon
  6426 | D:5      | Noticed Pikel
  6459 | D:5      | Killed Pikel
  6460 | D:5      | Reached skill level 7 in Spellcasting
  6460 | D:5      | Reached XP level 8. HP: 36/42 MP: 8/21
  6904 | D:5      | Noticed Ijyb
  6906 | D:5      | Killed Ijyb
  7133 | D:5      | Reached skill level 8 in Spellcasting
  7622 | D:5      | Got a bloodstained buckler
  7627 | D:5      | Identified the +2 buckler of the Moon {rF++ Regen+} (You
                  | found it on level 5 of the Dungeon)
  7645 | D:5      | Reached skill level 1 in Shields
  8399 | D:6      | Reached XP level 9. HP: 46/46 MP: 14/23
  8464 | D:6      | Found Ysoarem's General Store.
  8465 | D:6      | Found Sahuehe's Gadget Emporium.
  8465 | D:6      | Found Ifruepom's Gadget Emporium.
  8513 | D:6      | Found Raomebiu's Distillery.
  8525 | D:6      | Bought a scroll of identify for 24 gold pieces
  8525 | D:6      | Bought a scroll of identify for 24 gold pieces
  8529 | D:6      | Bought a potion of degeneration for 11 gold pieces
  8529 | D:6      | Bought 2 potions of mutation for 176 gold pieces
  8529 | D:6      | Bought a potion of mutation for 88 gold pieces
  8529 | D:6      | Bought a potion of heal wounds for 55 gold pieces
  9173 | D:6      | Found a bloodstained altar of Trog.
  9593 | D:7      | Found a staircase to the Ecumenical Temple.
  9609 | Temple   | Entered the Ecumenical Temple
  9754 | Temple   | Became a worshipper of Sif Muna the Loreminder
 10205 | D:7      | Reached skill level 9 in Spellcasting
 10479 | D:7      | Reached skill level 5 in Conjurations
 10663 | D:7      | Reached skill level 1 in Invocations
 10708 | D:7      | Gained mutation: You expend magic power (3 MP) to
                  | strengthen your wands. [potion of mutation]
 10708 | D:7      | Gained mutation: You have a pair of small horns on your
                  | head. [potion of mutation]
 10708 | D:7      | Gained mutation: Your system is resistant to poisons.
                  | (rPois) [potion of mutation]
 10709 | D:7      | Lost mutation: You expend magic power (3 MP) to strengthen
                  | your wands. [potion of mutation]
 10709 | D:7      | Lost mutation: You have a pair of small horns on your head.
                  | [potion of mutation]
 10709 | D:7      | Lost mutation: Your system is resistant to poisons. (rPois)
                  | [potion of mutation]
 10709 | D:7      | Gained mutation: You occasionally shout uncontrollably at
                  | your foes. [potion of mutation]
 10709 | D:7      | Gained mutation: You are clumsy. (Dex -2) [potion of
                  | mutation]
 10709 | D:7      | Gained mutation: You can translocate small distances at
                  | will. [potion of mutation]
 10710 | D:7      | Lost mutation: You are clumsy. (Dex -2) [potion of
                  | mutation]
 10710 | D:7      | Lost mutation: You occasionally shout uncontrollably at
                  | your foes. [potion of mutation]
 10710 | D:7      | Lost mutation: You can translocate small distances at will.
                  | [potion of mutation]
 10710 | D:7      | Gained mutation: You are weak. (Str -2) [potion of
                  | mutation]
 10710 | D:7      | Gained mutation: You expend magic power (3 MP) to
                  | strengthen your wands. [potion of mutation]
 10710 | D:7      | Gained mutation: You are partially covered in iridescent
                  | scales. (AC +2) [potion of mutation]
 11173 | D:7      | Found Vuv Unn's Antique Weapon Emporium.
 11411 | D:8      | Reached * piety under Sif Muna
 11723 | D:8      | Reached XP level 10. HP: 51/51 MP: 16/25
 11888 | D:8      | Identified the cursed +0 leather armour "Fugryn" {rF+}
 12043 | D:8      | Noticed Harold
 12092 | D:8      | Killed Harold
 12093 | D:8      | Reached skill level 10 in Spellcasting
 12475 | D:9      | Noticed a two-headed ogre
 12595 | D:9      | Killed a two-headed ogre
 12786 | D:9      | Reached skill level 5 in Translocations
 13473 | D:9      | Noticed Maggie
 13478 | D:9      | Killed Maggie
 13479 | D:9      | Reached skill level 5 in Evocations
 14153 | D:9      | Reached skill level 1 in Armour
 14255 | D:10     | Entered Level 10 of the Dungeon
 14255 | D:10     | Found Culodeh's Armour Shoppe.
 14826 | D:10     | Noticed a gargoyle
 14829 | D:10     | Killed a gargoyle
 14830 | D:10     | Reached XP level 11. HP: 55/55 MP: 18/27
 14916 | D:10     | Found Hoexkof's Antique Weapon Shop.
 15012 | D:10     | Noticed a two-headed ogre
 15271 | D:10     | Killed a two-headed ogre
 15272 | D:10     | Reached skill level 5 in Armour
 15312 | D:10     | Reached skill level 11 in Spellcasting
 15423 | D:10     | You fall into a shaft and drop 3 floors!
 15424 | D:13     | Noticed a two-headed ogre
 15431 | D:13     | Killed a two-headed ogre
 15619 | D:13     | Killed an unseen horror
 15671 | D:13     | Reached ** piety under Sif Muna
 15749 | D:13     | Noticed a two-headed ogre
 15754 | D:13     | Killed a two-headed ogre
 16247 | D:11     | Noticed a cyan ugly thing
 16276 | D:11     | Killed a cyan ugly thing
 16674 | D:10     | Reached skill level 12 in Spellcasting
 16714 | D:10     | Found Ecro's Jewellery Shoppe.
 16752 | D:10     | Found a staircase to the Lair.
 16767 | D:10     | Found Ulise's Armour Shoppe.
 17097 | Lair:1   | Entered Level 1 of the Lair of Beasts
 17285 | Lair:1   | Noticed a six-headed hydra
 17297 | Lair:1   | Killed a six-headed hydra
 17312 | Lair:1   | Reached XP level 12. HP: 36/60 MP: 6/30
 17448 | Lair:1   | Noticed a seven-headed hydra
 17457 | Lair:1   | Killed a seven-headed hydra
 17458 | Lair:1   | Reached skill level 1 in Fighting
 17471 | Lair:1   | Reached skill level 10 in Air Magic
 17724 | Lair:1   | Noticed a seven-headed hydra
 17730 | Lair:1   | Killed a seven-headed hydra
 17731 | Lair:1   | Reached skill level 5 in Invocations
 18042 | Lair:1   | Reached skill level 1 in Polearms
 18701 | Lair:1   | Reached *** piety under Sif Muna
 19310 | Lair:2   | You fall into a shaft and drop 2 floors!
 19466 | Lair:4   | Noticed a death yak
 19488 | Lair:4   | Killed a death yak
 19492 | Lair:4   | HP: 1/58 [hell rat (7)]
 19497 | Lair:4   | Slain by a hell rat

Illustrated notes

Levels and vault maps discovered:
D:1:      dpeg_arrival_shrine, layout_loops_ring, minmay_fountain_box,
          chequers_mini_garden, minivault_4
D:2:      layout_basic, chequers_ecumenical_altar_twisty, chequers_arboretum
D:3:      kennysheep_the_goblin_king, layout_basic,
          gammafunk_temple_overflow_arena, ashenzari_altar_1
D:4:      layout_basic, serial_shops, shop, uniq_robin
D:5:      layout_basic, uniq_pikel, uniq_ijyb
D:6:      layout_loops_corners, minmay_shop_grid_forest, grunt_ministairs_6,
          st_stairs_14, lemuel_statue_altar
D:7:      layout_loops_corners, minmay_temple_entry_antechambers, serial_shops,
          nicolae_shop_waterfront
D:8:      layout_basic, uniq_harold
D:9:      layout_grid_maze, kb_lookout_dungeons_type, uniq_maggie
D:10:     layout_cave_pools, lair_entry_dummy, serial_shops, nicolae_shop_stone,
          nicolae_shop_stone, shop, nicolae_shop_waterfront
D:11:     layout_roguey
D:12:     lemuel_slime, layout_basic, david_orc_5, uniq_frances
D:13:     layout_long_grid, basic_altar, enter_trove_3
Temple:   kilobyte_greek_temple
Lair:1:   layout_roguey, special_room [special_room_bee]
Lair:2:   layout_regular_city, worms_lemuel, minmay_lair_oklob_chamber
Lair:4:   beast_lair_carwin_large_3, layout_cave_pods, swamp_mist_pool,
          dummy_spider_entry, gauntlet_entry_generic, kennysheep_abandoned_house

Skill      XL: |  1  2  3  4  5  6  7  8  9 10 11 12 |
---------------+-------------------------------------+-----
Dodging        | 3 |  3.5
Stealth        | 3 |  3.9
Conjurations   | 2 3 4 5 6 7 |  7.8
Air Magic      | 4 5 6 7 8 9 10 | 10.4
Spellcasting   | 4 5 7 8 9 10 12 | 12.9
Translocations | 2 4 5 6 7 |  7.0
Evocations     | 2 4 5 6 |  6.7
Shields        | 3 4 |  4.0
Invocations    | 1 3 4 5 |  5.5
Armour         | 4 5 |  5.4
Fighting       | 2 |  2.1
Polearms       | 1 |  1.9
Maces & Flails | |  0.1

Action                   |  1- 3 |  4- 6 |  7- 9 | 10-12 || total
-------------------------+-------+-------+-------+-------++-------
Melee: Flail             |       |     8 |     4 |    12 ||    24
       Lance             |       |       |       |   169 ||   169
 Cast: Shock             |    59 |   138 |    71 |     8 ||   276
       Swiftness         |       |     3 |       |     6 ||     9
       Airstrike         |       |    12 |   121 |   242 ||   375
       Lightning Bolt    |       |       |     7 |    11 ||    18
Evoke: Wand              |       |       |       |     1 ||     1
  Use: Scroll            |       |    11 |     5 |     9 ||    25
       Potion            |       |       |     7 |     8 ||    15
Armor: Robe              |     5 |    32 |    13 |   102 ||   152
Dodge: Dodged            |    14 |    71 |    29 |   177 ||   291
Block: Buckler           |       |       |     7 |    91 ||    98
       Reflection        |       |       |       |     3 ||     3

Table legend: (Time is in decaauts)
 A = Elapsed time spent in this place.
 B = Non-inter-level travel time spent in this place.
 C = Inter-level travel time spent in this place.
 D = Time resting spent in this place.
 E = Time spent auto-exploring this place.
 F = Levels seen in this place.
 G = Mean time per level.
                   A        B        C        D        E       F      G
               +--------+--------+--------+--------+--------+-----+--------+
         Total |  19475 |  19098 |    377 |   9183 |   6361 |  17 | 1145.6 |
       Dungeon |  16892 |  16583 |    309 |   7962 |   5552 |  13 | 1299.4 |
        Temple |    187 |    145 |     42 |      0 |    130 |   1 |  187.0 |
          Lair |   2395 |   2370 |     25 |   1221 |    679 |   3 |  798.3 |
               +--------+--------+--------+--------+--------+-----+--------+

Top non-repeatable levels by time:
     D:9: 2522 daAuts
  Lair:1: 2206 daAuts
     D:3: 1987 daAuts
     D:7: 1857 daAuts
     D:4: 1601 daAuts
     D:6: 1541 daAuts
     D:2: 1504 daAuts
     D:5: 1426 daAuts
     D:1: 1225 daAuts
    D:10: 1041 daAuts
     D:8: 943 daAuts
    D:11: 659 daAuts
    D:13: 448 daAuts
  Lair:4: 187 daAuts
  Temple: 187 daAuts
